 Dungeon Crawl Stone Soup version 0.31.0-11-ge490571c62 (webtiles) character file.

Game seed: 6749449822556364979

48 stipulation the Grave Robber (level 3, -4/16 HPs)
             Began as a Vine Stalker Necromancer on Jan 28, 2024.
             Slain by a gnoll
             ... wielding a +2 whip of venom
              (5 damage)
             ... on level 1 of the Dungeon.
             The game lasted 00:01:27 (1108 turns).

stipulation the Grave Robber (VSNe)                 Turns: 1108, Time: 00:01:28

Health: -4/16      AC:  2    Str: 10    XL:     3   Next: 72%
Magic:  0/8        EV: 12    Int: 17    God:
Gold:   24         SH:  0    Dex: 14    Spells: 7/8 levels left

rFire   . . .        e - +0 dagger
rCold   . . .        (no shield)
rNeg    . . .        a - +0 robe
rPois   .            (no helmet)
rElec   .            (no cloak)
rCorr   .            (no gloves)
SInv    .            (no boots)
Will    .....        (no amulet)
Stlth   ++           (no ring)
HPRegen 1.02/turn    (no ring)
MPRegen 0.11/turn

%: guardian spirit
@: lethally poisoned (-4 -> -6)
A: fangs 2, regeneration 1, magic shield, antimagic bite, no potion heal 2
a: no special abilities


You were on level 1 of the Dungeon.
You visited 1 branch of the dungeon, and saw 2 of its levels.

You collected 24 gold pieces.

Inventory:

Hand Weapons
 e - a +0 dagger (weapon)
Armour
 a - a +0 robe (worn)
Scrolls
 c - a scroll of identify {unknown}
 d - a scroll of noise {unknown}
Potions
 b - a potion of magic
 f - a potion of heal wounds {unknown}


   Skills:
 - Level 1.5 Dodging
 - Level 2.4 Stealth
 + Level 3.2 Spellcasting
 + Level 4.7 Necromancy


You had 7 spell levels left.
You knew the following spells:

 Your Spells              Type           Power      Damage    Failure   Level
a - Necrotise             Necr           72%        1d7       2%          1

Your spell library contained the following spells:

 Spells                   Type           Power      Damage    Failure   Level
 Vampiric Draining        Necr           18%        2d7       8%          3
 Animate Dead             Necr           18%        N/A       24%         4
 Curse of Agony           Necr           18%        N/A       56%         5


Dungeon Overview and Level Annotations

Branches:
Dungeon (2/15)

Altars:


Innate Abilities, Weirdness & Mutations

You have extremely sharp teeth.
Your natural rate of healing is unusually fast.
When hurt, damage is shared between your health and your magic reserves.
Your bite disrupts and absorbs the magic of your enemies.
Potions cannot restore your health.


Message History

You can't see any susceptible monsters within range! (Use Z to cast anyway.)
You can't see any susceptible monsters within range! (Use Z to cast anyway.)
You can't see any susceptible monsters within range! (Use Z to cast anyway.)
You can't see any susceptible monsters within range! (Use Z to cast anyway.)
You can't see any susceptible monsters within range! (Use Z to cast anyway.)
You can't see any susceptible monsters within range! (Use Z to cast anyway.)
The gnoll hits your gnoll skeleton with a +2 whip of venom!
Your gnoll skeleton completely misses the gnoll.
The gnoll hits your gnoll skeleton with a +2 whip of venom.
There is a stone staircase leading up here.
Your gnoll skeleton completely misses the gnoll.
The gnoll hits your gnoll skeleton with a +2 whip of venom.
Your gnoll skeleton is destroyed!
A gnoll comes into view.
It is wielding a +0 club and quivering a throwing net.
The gnoll writhes in agony.
The gnoll shouts!
The gnoll writhes in agony.
You are out of magic!
The gnoll hits you with a +2 whip of venom.
You are poisoned.
You climb upwards.
You feel very sick.
There is a stone staircase leading down here.
You hit the gnoll but do no damage. You bite the gnoll, but do no damage.
The gnoll is severely wounded.
You feel sick.
The gnoll hits you with a +2 whip of venom.
* * * LOW HITPOINT WARNING * * *
You are lethally poisoned!
You hit the gnoll but do no damage.
The gnoll is severely wounded.
* * * LOW HITPOINT WARNING * * *
You feel very sick. The gnoll barely misses you.
You hit the gnoll but do no damage.
The gnoll is severely wounded.
* * * LOW HITPOINT WARNING * * *
You feel sick.
The gnoll hits you with a +2 whip of venom.
You die...

#####.# #.######..........#
#.# #.# #.##.#####.#
#.#######.######.##.# #.#
#.##........>.##.##.# #.#
#.##%####.###.##.##.# #.#
#.##.# #.# #.##.##.# #.#
#.##.## #.# #.##.##.# #.#
#.#...###.###.##.##.# #.#
#...#.......@....##.# #.#
###...###....g......#####.#
##......................###
#.########.##.######......
########.# #.##.# #.#####
......)..# ##.##.######.#
####.....# #..........).#
#.##### #............##
####.# #...#.#####...## #


You could see a gnoll.

Vanquished Creatures
  A gnoll (D:2)
  A dart slug (D:1)
  4 bats (D:1)
  3 endoplasms (D:1)
  A giant cockroach (D:1)
  4 goblins (D:1)
  7 hobgoblins
  3 ball pythons (D:1)
  5 kobolds (D:1)
  2 rats (D:1)
31 creatures vanquished.

Notes
Turn   | Place    | Note
-------+----------+-------------------------------------------
     0 | D:1      | stipulation the Vine Stalker Necromancer began the quest
                  | for the Orb.
     0 | D:1      | Reached XP level 1. HP: 9/9 MP: 4/4
   224 | D:1      | Reached XP level 2. HP: 13/13 MP: 0/6
   473 | D:1      | Reached XP level 3. HP: 16/16 MP: 6/8
  1108 | D:1      | Slain by a gnoll

Illustrated notes

Levels and vault maps discovered:
D:1:      dpeg_arrival_arbitrary_b, layout_loops_ring, nrook_mini_vaults,
          lemuel_flame_loot_1
D:2:      wad_lake_hut, layout_basic, shapermc_ecumenical_altar_totnotflames

Skill      XL: |  1  2  3 |
---------------+----------+-----
Spellcasting   | 3 |  3.2
Dodging        | |  1.5
Stealth        | |  2.4
Necromancy     | |  4.7

Action                     || total
---------------------------++-------
  Melee: Unarmed           ||     4
         Bite              ||     7
         Dagger            ||    29
   Cast: Necrotise         ||    44
 Armour: Robe              ||    26
  Dodge: Dodged            ||    39
